 Dungeon Crawl Stone Soup version 0.20.2-3-g29329e0561 (webtiles) character file.

287 Alfie the Bolt Thrower (level 6, 0/62 HPs)
             Began as an Ogre Hunter on Aug 27, 2020.
             Slain by Alfie's ghost (4 damage)
             ... on level 4 of the Dungeon.
             The game lasted 00:06:29 (2360 turns).

Alfie the Bolt Thrower (Ogre Hunter)                Turns: 2360, Time: 00:06:29

Health: 0/62       AC:  4    Str: 19    XL:     6   Next: 30%
Magic:  6/6        EV: 10    Int: 12    God:
Gold:   210        SH:  0    Dex:  9    Spells: 5/5 levels left

rFire    + . .     SeeInvis .   b - +1 short sword
rCold    + . .     Gourm    .   (no shield)
rNeg     + . .     Faith    .   c - +1 robe
rPois    .         Spirit   .   (helmet restricted)
rElec    .         Reflect  .   s - scarf {rC+ rF+}
rCorr    .         Harm     .   (gloves unavailable)
MR       .....                  (boots unavailable)
Stlth    +.........             (no amulet)
Regen    0.2/turn               g - ring of positive energy
MPRegen  0.1/turn               (no ring)

@: no status effects
A: unfitting armour, tough skin 1
a: no special abilities


You were on level 4 of the Dungeon.
You were not hungry.

You visited 1 branch of the dungeon, and saw 4 of its levels.

You collected 210 gold pieces.

Inventory:

Hand Weapons
 a - a +1 hand crossbow
 b - a +1 short sword (weapon)
Missiles
 n - 3 tomahawks (quivered)
Armour
 c - a +1 robe (worn)
 s - a scarf of resistance (worn)
Jewellery
 g - a ring of positive energy (left hand)
Scrolls
 l - 2 scrolls of recharging
 q - a scroll of enchant armour
 r - a scroll of magic mapping
Potions
 e - a potion of heal wounds {unknown}
 h - a potion of curing {unknown}
 j - a potion of flight {unknown}
 k - 2 potions of agility {unknown}
 m - 2 potions of brilliance {unknown}
Books
 i - a book of Misfortune

   Spells                             Type                      Level
   a - Confusing Touch                Hexes                        1
   b - Confuse                        Hexes                        3
   c - Gell's Gravitas                Translocation                3
   d - Petrify                        Transmutation/Earth          4
   e - Metabolic Englaciation         Hexes/Ice                    5
   f - Yara's Violent Unravelling     Hexes/Transmutation          5
Comestibles
 f - 2 bread rations
 o - 2 meat rations
 p - 2 fruits


   Skills:
 + Level 3.9 Fighting
 + Level 5.0 Crossbows
 + Level 2.2 Dodging
 + Level 1.3 Stealth


You had 5 spell levels left.
You didn't know any spells.

Dungeon Overview and Level Annotations

Branches:
Dungeon (4/15)
 Temple: D:4-7

Altars:
Gozag
Nemelex Xobeh
Xom
Zin

Annotations:
D:4 Alfie's ghost, amateur DDHu


Innate Abilities, Weirdness & Mutations

You are too large for most types of armour.
You have tough skin. (AC +1)


Message History

You hit Alfie's ghost but do no damage.
Alfie's ghost is moderately damaged.
Alfie's ghost closely misses you. The worm barely misses you.
You closely miss Alfie's ghost.
Alfie's ghost is moderately damaged.
Alfie's ghost hits you.
You hit Alfie's ghost.
Alfie's ghost is moderately damaged.
The worm barely misses you. Alfie's ghost hits you!
* * * LOW HITPOINT WARNING * * *
You hit Alfie's ghost.
Alfie's ghost is moderately damaged.
Alfie's ghost hits you.
* * * LOW HITPOINT WARNING * * *
The worm bites you.
* * * LOW HITPOINT WARNING * * *
You hit Alfie's ghost.
Alfie's ghost is heavily damaged.
Alfie's ghost hits you.
You die...

.... # .... ###.
..... .... ....$
#.. ......
####..###......
........w.....$
#####..#@#
.......#W##
..........#
..#######...###.
.................
##
.#####.#...(....
.# #.#...####.#
.#.. #.#...# #
.#.# #.#...#


You could see a worm and Alfie's ghost.

Vanquished Creatures
  An ogre (D:4)
  2 orc wizards
  4 gnolls (D:3)
  A howler monkey skeleton (D:4)
  An ooze (D:3)
  3 worms
  3 dart slugs
  3 leopard geckos
  9 orcs
  5 giant cockroaches
  11 goblins
  6 hobgoblins
  3 kobolds
  A ball python (D:3)
  6 bats
  5 frilled lizards
  12 rats
76 creatures vanquished.

Notes
Turn   | Place    | Note
-------+----------+-------------------------------------------
     0 | D:1      | Alfie the Ogre Hunter began the quest for the Orb.
     0 | D:1      | Reached XP level 1. HP: 22/22 MP: 1/1
     5 | D:1      | Reached skill level 3 in Crossbows
    51 | D:1      | Reached XP level 2. HP: 29/29 MP: 2/2
   480 | D:1      | Reached XP level 3. HP: 19/36 MP: 3/3
   743 | D:2      | Found an opulent altar of Gozag.
   951 | D:2      | Found a glowing silver altar of Zin.
   955 | D:2      | Found a sparkling altar of Nemelex Xobeh.
  1656 | D:3      | Found a shimmering altar of Xom.
  1739 | D:3      | Reached XP level 4. HP: 39/45 MP: 4/4
  1811 | D:3      | Reached skill level 1 in Stealth
  1817 | D:3      | Reached skill level 4 in Crossbows
  1981 | D:3      | Reached XP level 5. HP: 53/53 MP: 5/5
  2094 | D:4      | Noticed an ogre
  2098 | D:4      | Killed an ogre
  2098 | D:4      | Reached XP level 6. HP: 62/62 MP: 6/6
  2247 | D:4      | Reached skill level 5 in Crossbows
  2334 | D:4      | Noticed Alfie's ghost (amateur DDHu)
  2360 | D:4      | Slain by Alfie's ghost

Skill      XL: |  1  2  3  4  5  6 |
---------------+-------------------+-----
Crossbows      | 3 4 5 |  5.0
Fighting       | 3 |  3.9
Dodging        | 2 |  2.2
Stealth        | 1 |  1.3

Action                   |  1- 3 |  4- 6 || total
-------------------------+-------+-------++-------
Melee: Short sword       |    23 |    24 ||    47
 Fire: Hand crossbow     |    89 |    88 ||   177
Throw: Tomahawk          |       |     3 ||     3
  Use: Scroll            |     5 |     2 ||     7
  Eat: Bread ration      |     1 |       ||     1
Armor: Robe              |    13 |    13 ||    26
Dodge: Dodged            |    27 |    32 ||    59
